 Dungeon Crawl Stone Soup version 0.28-a0-1429-gf3d713df7a (webtiles) character file.

Game seed: 6224805477404491752

661 zap2161 the Poker (level 7, -2/61 HPs)
             Began as a Minotaur Berserker on Jan 8, 2022.
             Was a Believer of Trog.
             Slain by a river rat (3 damage)
             ... summoned by Eustachio
             ... on level 4 of the Dungeon.
             The game lasted 00:22:48 (2523 turns).

zap2161 the Poker (Minotaur Berserker)              Turns: 2523, Time: 00:22:49

Health: -2/61      AC:  9    Str: 23    XL:     7   Next: 30%
Magic:  5/5        EV:  8    Int:  4    God:    Trog [**....]
Gold:   128        SH: 12    Dex: 10    Spells: 6/6 levels left

rFire   . . .      SeeInvis .   b - +1 falchion (elec)
rCold   . . .      Faith    .   i - +0 tower shield
rNeg    . . .      Spirit   .   p - +3 leather armour
rPois   .          Reflect  .   (helmet restricted)
rElec   .          Harm     .   n - +0 cloak
rCorr   .          Rampage  .   (no gloves)
Will    .....                   (no boots)
Stlth   +.........              (no amulet)
HPRegen 0.20/turn               (no ring)
MPRegen 0.09/turn               (no ring)

@: on berserk cooldown, slowed, very slow
A: horns 2, retaliatory headbutt, claws 1, iridescent scales 1, low mp 1
a: Renounce Religion, Berserk, Trog's Hand


You were on level 4 of the Dungeon.
You worshipped Trog.
Trog was pleased with you.
You visited 1 branch of the dungeon, and saw 4 of its levels.

You collected 128 gold pieces.

Inventory:

Hand Weapons
 b - a +1 falchion of electrocution (weapon)
 q - a +0 hunting sling
Missiles
 a - 13 poisoned darts
 g - 48 arrows
 h - 24 stones (quivered)
Armour
 d - a +0 plate armour
 i - a +0 tower shield (worn)
 n - a +0 cloak (worn)
 p - a +3 leather armour (worn)
Wands
 f - a wand of paralysis (7)
 m - a wand of acid (8)
Scrolls
 c - a scroll of fog {unknown}
 e - a scroll of summoning {unknown}
 j - a scroll of vulnerability {unknown}
 k - a scroll of teleportation {unknown}
Potions
 l - a potion of flight {unknown}
 o - a potion of heal wounds
 r - a potion of curing {unknown}


   Skills:
 + Level 5.1 Fighting
 * Level 3.0 Long Blades
 - Level 2.0(4.0) Axes
 - Level 5.3(5.5) Polearms
 + Level 5.3 Armour
 + Level 2.8 Dodging
 + Level 0.2 Stealth
 + Level 3.8 Shields


You had 6 spell levels left.
You didn't know any spells.
Your spell library contained the following spells:

 Spells                   Type           Power      Damage    Failure   Level
 Blink                    Tloc           0%         N/A       100%        2
 Manifold Assault         Tloc           0%         N/A       100%        5
 Storm Form               Tmut/Air       0%         N/A       100%        7


Dungeon Overview and Level Annotations

Branches:
Dungeon (4/15)             Temple (0/1) D:4

Altars:
Ashenzari
Okawaru
Qazlal
Trog
Vehumet
Xom
Zin
The Shining One

Annotations:
D:4 Eustachio


Innate Abilities, Weirdness & Mutations

You have a pair of horns on your head.
You reflexively headbutt those who attack you in melee.
You have sharp fingernails.
You are partially covered in iridescent scales. (AC +2)
Your magical capacity is low. (-10% MP)


Message History

You kill the river rat!
The river rat's corpse disappears in a puff of smoke!
Your skin stops crawling.
You feel less strong-willed. The bat hits you but does no damage.
The bat barely misses you. x2
You block the bat's attack.
Eustachio zaps a wand.
The puff of flame misses you.
The puff of flame hits the bat!
The bat dies!
The bat's corpse disappears in a puff of smoke!
The shadow imp hits you. You block the shadow imp's attack.
The shadow imp barely misses you. The river rat bites you!
* * * LOW HITPOINT WARNING * * *
Eustachio gestures wildly while chanting.
The shadow imp hits you but does no damage.
You block the shadow imp's attack.
The shadow imp hits you but does no damage.
You block the bat's attack. The river rat bites you.
* * * LOW HITPOINT WARNING * * *
The shadow imp hits you but does no damage. x2
The shadow imp gestures at you. Pain shoots through your body!
* * * LOW HITPOINT WARNING * * *
The river rat misses you. You furiously retaliate!
You headbutt the river rat, but do no damage.
The bat hits you but does no damage.
You barely miss Eustachio.
You headbutt Eustachio, but do no damage.
Eustachio is severely wounded.
You block the bat's attack. x3; Eustachio zaps a wand.
You block the puff of flame. The shadow imp barely misses you.
You furiously retaliate!
You headbutt the shadow imp.
The shadow imp hits you but does no damage. x2
You block the river rat's attack.
Eustachio hits you with a +1 rapier of speed.
* * * LOW HITPOINT WARNING * * *
The shadow imp hits you but does no damage.
The shadow imp hits you.
* * * LOW HITPOINT WARNING * * *
The shadow imp hits you but does no damage.
The river rat bites you.
You die...

#.# # #.# #.#
.# ..# #.# .#
###
#.####.####
#.#.......#
#.#.......#
#.#.......###
#...5r5......
###b@@....###
#.5b.ยง.....
#.......###
#########


You could see Eustachio, a river rat (summoned), 3 shadow imps and 2 bats.

Vanquished Creatures
  Grinder (D:4)
  A black bear (D:4)
  A phantom (D:4)
  A water moccasin skeleton (D:3)
  Crazy Yiuf (D:3)
  An orc priest (D:3)
  A centaur skeleton (D:4)
  A hound skeleton (D:4)
  4 gnolls (D:2)
  4 adders
  An ufetubus (D:4)
  An adder skeleton (D:4)
  2 dart slugs
  5 orcs
  5 ball pythons
  5 bats
  5 endoplasms
  4 giant cockroaches
  8 goblins
  4 hobgoblins
  3 quokkas
  3 frilled lizards
  7 kobolds
  A quokka skeleton (D:4)
  A rat (D:1)
71 creatures vanquished.

Vanquished Creatures (others)
  52 plants
52 creatures vanquished.

Grand Total: 123 creatures vanquished

Notes
Turn   | Place    | Note
-------+----------+-------------------------------------------
     0 | D:1      | zap2161 the Minotaur Berserker began the quest for the Orb.
     0 | D:1      | Reached XP level 1. HP: 19/19 MP: 0/0
   260 | D:1      | Reached XP level 2. HP: 22/27 MP: 1/1
   737 | D:2      | Reached XP level 3. HP: 30/33 MP: 2/2
   814 | D:2      | Reached ** piety under Trog
   822 | D:2      | Reached XP level 4. HP: 10/41 MP: 3/3
  1178 | D:3      | Found a runed translucent door.
  1179 | D:3      | Noticed Crazy Yiuf
  1188 | D:3      | Killed Crazy Yiuf
  1189 | D:3      | Reached skill level 5 in Polearms
  1230 | D:3      | Gained mutation: Your magical capacity is low. (-10% MP)
                  | [potion of mutation]
  1230 | D:3      | Gained mutation: You have sharp fingernails. [potion of
                  | mutation]
  1230 | D:3      | Gained mutation: You are partially covered in iridescent
                  | scales. (AC +2) [potion of mutation]
  1492 | D:3      | Reached skill level 1 in Shields
  1492 | D:3      | Reached XP level 5. HP: 38/47 MP: 3/3
  1502 | D:3      | Reached skill level 1 in Axes
  2230 | D:4      | Reached XP level 6. HP: 54/55 MP: 4/4
  2311 | D:4      | Found a stormy altar of Qazlal.
  2314 | D:4      | Found a radiant altar of Vehumet.
  2318 | D:4      | Found an iron altar of Okawaru.
  2318 | D:4      | Found a glowing golden altar of the Shining One.
  2318 | D:4      | Found a bloodstained altar of Trog.
  2319 | D:4      | Found a broken altar of Ashenzari.
  2326 | D:4      | Found a glowing silver altar of Zin.
  2328 | D:4      | Found a shimmering altar of Xom.
  2379 | D:4      | Found a staircase to the Ecumenical Temple.
  2388 | D:4      | Noticed Grinder
  2392 | D:4      | Paralysed by Grinder for 7 turns
  2406 | D:4      | Killed Grinder
  2407 | D:4      | Reached skill level 5 in Fighting
  2407 | D:4      | Reached skill level 5 in Armour
  2453 | D:4      | Reached XP level 7. HP: 54/61 MP: 5/5
  2498 | D:4      | Noticed Eustachio
  2523 | D:4      | HP: 2/61 [Eustachio (3)]
  2523 | D:4      | Slain by a river rat

Illustrated notes

Levels and vault maps discovered:
D:1:      ebering_trefoil_twist, layout_loops_ring, minivault_11
D:2:      layout_loops_ring, nicolae_figureground_sparkle
D:3:      layout_basic, serial_bayou, serial_bayou_lake_a,
          serial_bayou_lagoon_a, serial_bayou_pond_d, serial_bayou_crossing,
          uniq_crazy_yiuf_cottage
D:4:      layout_loops_ring, minitemple, nzn_hepliaklqana_mist_gate,
          minmay_temple_entry_gardened_gates, uniq_eustachio, uniq_grinder

Skill      XL: |  1  2  3  4  5  6  7 |
---------------+----------------------+-----
Fighting       | 4 5 |  5.1
Polearms       | 4 5 |  5.3
Armour         | 3 4 5 |  5.3
Shields        | 1 3 |  3.8
Axes           | 2 |  2.0
Long Blades    | 2 3 |  3.0
Dodging        | |  2.8
Stealth        | |  0.2

Action                   |  1- 3 |  4- 6 |  7- 9 || total
-------------------------+-------+-------+-------++-------
Melee: Spear             |    91 |    16 |       ||   107
       Headbutt          |    11 |    15 |     3 ||    29
       Punch             |     1 |       |       ||     1
       Hand axe          |       |    79 |       ||    79
       Falchion          |       |    25 |    15 ||    40
Invok: Trog's Hand       |       |     4 |     1 ||     5
       Berserk           |       |       |     1 ||     1
  Use: Potion            |       |     1 |     1 ||     2
Armor: Plate armour      |    47 |    44 |       ||    91
       Leather armour    |       |    26 |    32 ||    58
Dodge: Dodged            |    11 |    14 |    38 ||    63
Block: Tower shield      |    19 |    68 |    40 ||   127

Table legend: (Time is in decaauts)
 A = Elapsed time spent in this place.
 B = Non-inter-level travel time spent in this place.
 C = Inter-level travel time spent in this place.
 D = Time resting spent in this place.
 E = Time spent auto-exploring this place.
 F = Levels seen in this place.
 G = Mean time per level.
                   A        B        C        D        E       F      G
               +--------+--------+--------+--------+--------+-----+--------+
         Total |   2657 |   2657 |      0 |      0 |      0 |   4 |  664.2 |
       Dungeon |   2657 |   2657 |      0 |      0 |      0 |   4 |  664.2 |
               +--------+--------+--------+--------+--------+-----+--------+

Top non-repeatable levels by time:
     D:3: 1052 daAuts
     D:2: 613 daAuts
     D:1: 553 daAuts
     D:4: 437 daAuts
